 Dungeon Crawl Stone Soup version 0.29.0-15-g675c0067aa (webtiles) character file.

Game seed: 99077665554748410

89 groovy9 the Digger (level 4, -13/24 HPs)
             Began as a Gargoyle Earth Elementalist on Sept 11, 2022.
             Killed from afar by a steam dragon (23 damage)
             ... with a ball of steam
             ... on level 3 of the Dungeon.
             The game lasted 00:08:28 (2654 turns).

groovy9 the Digger (Gargoyle Earth Elementalist)    Turns: 2654, Time: 00:08:29

Health: -13/24     AC:  7    Str: 12    XL:     4   Next: 55%
Magic:  5/8        EV: 12    Int: 17    God:
Gold:   173        SH:  0    Dex: 16    Spells: 4/8 levels left

rFire   . . .      SeeInvis .   g - +0 whip (chaos)
rCold   . . .      Faith    .   (no shield)
rNeg    + . .      Spirit   .   a - +0 robe
rPois   ∞          Reflect  .   (no helmet)
rElec   +          Harm     .   i - +0 cloak
rCorr   .          Rampage  .   (no gloves)
Will    .....                   n - +0 pair of boots
Stlth   ++........              (no amulet)
HPRegen 0.08/turn               p - +6 ring of dexterity
MPRegen 0.11/turn               (no ring)

@: no status effects
A: sickness immunity, AC +3, negative energy resistance 1, electricity
resistance, torment resistance 1, petrification resistance
a: no special abilities


You were on level 3 of the Dungeon.
You visited 1 branch of the dungeon, and saw 3 of its levels.

You collected 173 gold pieces.

Inventory:

Hand Weapons
 g - a +0 whip of chaos (weapon)
Armour
 a - a +0 robe (worn)
 i - a +0 cloak (worn)
 n - a +0 pair of boots (worn)
Jewellery
 p - a +6 ring of dexterity (left hand)
Scrolls
 m - 2 scrolls of butterflies
 o - a scroll of teleportation
Potions
 b - a potion of magic
 c - a potion of curing {unknown}
 d - a potion of mutation {unknown}
 e - a potion of heal wounds {unknown}
 f - 2 potions of might {unknown}
 h - 2 potions of ambrosia
 j - a potion of flight {unknown}
 k - 3 potions of attraction {unknown}
 l - a potion of resistance {unknown}


   Skills:
 - Level 1.5 Dodging
 - Level 2.1 Stealth
 * Level 2.8 Spellcasting
 * Level 2.2 Conjurations
 * Level 1.8 Transmutations
 + Level 4.1 Earth Magic


You had 4 spell levels left.
You knew the following spells:

 Your Spells              Type           Power      Damage    Failure   Level
a - Sandblast             Erth           32%        2d9       3%          1
b - Stone Arrow           Conj/Erth      26%        3d8       14%         3

Your spell library contained the following spells:

 Spells                   Type           Power      Damage    Failure   Level
 Passwall                 Tmut/Erth      10%        N/A       8%          2
 Static Discharge         Conj/Air       6%         3-4/arc   17%         2
 Petrify                  Tmut/Erth      12%        N/A       45%         4
 Sticky Flame             Conj/Fire      6%         2d3       73%         4
 Dispel Undead            Necr           2%         3d7       87%         4


Dungeon Overview and Level Annotations

Branches:
Dungeon (3/15)

Altars:
Cheibriados
Hepliaklqana


Innate Abilities, Weirdness & Mutations

You are immune to sickness and miasma.
Your stone body is resilient. (AC +3)
You are immune to poison.
You resist negative energy. (rN+)
You are resistant to electric shocks. (rElec)
You are resistant to unholy torment.
You are immune to petrification.


Message History

You can't see any susceptible monsters within range! (Use Z to cast anyway.)
The blast of sand hits the rat.
You kill the rat!
Magic restored.
There is a stone staircase leading up here.
Casting: Sandblast (safe; 3% risk of failure)
Confirm with . or Enter, or press ? or * to list all spells.
Okay, then.
Your magic is already full.
The steam dragon hisses angrily.
The steam dragon breathes steam at you. The ball of steam hits you!
Ouch! That really hurt!
You are too injured to fight recklessly!
Casting: Sandblast (safe; 3% risk of failure)
Confirm with . or Enter, or press ? or * to list all spells.
Aiming: Sandblast (safe; 3% risk of failure)
Press: ? - help, Shift-Dir - straight line, f - steam dragon
Aim: a steam dragon (82% to hit)
The blast of sand misses the steam dragon.
Casting: Sandblast (safe; 3% risk of failure)
Confirm with . or Enter, or press ? or * to list all spells.
Aiming: Sandblast (safe; 3% risk of failure)
Press: ? - help, Shift-Dir - straight line, f/p - steam dragon
Aim: a steam dragon (82% to hit)
The blast of sand hits the steam dragon.
The steam dragon is lightly wounded.
The steam dragon bites you.
The steam dragon claws you but does no damage.
Casting: Sandblast (safe; 3% risk of failure)
Confirm with . or Enter, or press ? or * to list all spells.
Aiming: Sandblast (safe; 3% risk of failure)
Press: ? - help, Shift-Dir - straight line, f/p - steam dragon
Aim: a steam dragon (lightly wounded, 82% to hit)
The blast of sand hits the steam dragon.
The steam dragon is lightly wounded.
The steam dragon breathes steam at you. The ball of steam hits you!!
Ouch! That really hurt!
You die...

############..♣♣..'.#
#.#..#
########..#..♣♣..'.#
#.#..#
###........##.♣..♣.###
#.#..#
........#..##......#
#.####
........#..######### #.#
....)#+##..#.....#######.#
.(###.............§.§.##.#
..###..#########D#.##D##.#
..##...#########@# # #.#
..##.#........##.# #.#
.....########.##.. #.#
......# #.##### #.#
......# #.##### #.#
#.....#### #.....# #.#
##.......# #####.# #.#
#.......# #)######.#
#.......# #........#


You could see a steam dragon (catching breath).

Vanquished Creatures
  4 gnolls (D:3)
  A dart slug (D:1)
  2 orcs (D:3)
  3 endoplasms
  A giant cockroach (D:1)
  4 goblins
  5 hobgoblins
  7 kobolds
  3 quokkas
  4 ball pythons
  5 bats
  2 frilled lizards (D:3)
  3 rats
44 creatures vanquished.

Vanquished Creatures (others)
  2 plants (D:3)
2 creatures vanquished.

Grand Total: 46 creatures vanquished

Notes
Turn   | Place    | Note
-------+----------+-------------------------------------------
     0 | D:1      | groovy9 the Gargoyle Earth Elementalist began the quest for
                  | the Orb.
     0 | D:1      | Reached XP level 1. HP: 10/10 MP: 3/3
   199 | D:1      | Reached skill level 1 in Transmutations
   268 | D:1      | Reached XP level 2. HP: 15/15 MP: 0/5
   360 | D:1      | Reached skill level 1 in Conjurations
   953 | D:2      | Reached XP level 3. HP: 19/19 MP: 4/6
   957 | D:2      | Learned a level 3 spell: Stone Arrow
  1082 | D:2      | Found a faded altar of an unknown god.
  2005 | D:3      | Reached skill level 4 in Earth Magic
  2005 | D:3      | Reached XP level 4. HP: 24/24 MP: 2/8
  2339 | D:3      | Found a hazy altar of Hepliaklqana.
  2349 | D:3      | Found a snail-covered altar of Cheibriados.
  2455 | D:3      | Noticed a steam dragon
  2654 | D:3      | Killed from afar by a steam dragon

Illustrated notes

Levels and vault maps discovered:
D:1:      minmay_arrival_cross, layout_basic
D:2:      layout_loops_cross, dreamdust_ecumenical_altar_angels_and_demons
D:3:      layout_basic, amethyst_overflow_temple_binary, corexii_shack,
          hangedman_decor_lopped, st_stairs_1, nrook_mini_vaults,
          kennysheep_generic_room_15

Skill      XL: |  1  2  3 |
---------------+----------+-----
Transmutations | 1 |  1.8
Conjurations   | 1 2 |  2.2
Earth Magic    | 4 |  4.1
Dodging        | |  1.5
Stealth        | |  2.1
Spellcasting   | |  2.8

Action                   |  1- 3 |  4- 6 || total
-------------------------+-------+-------++-------
Melee: Whip              |       |     8 ||     8
 Cast: Sandblast         |    52 |    20 ||    72
  Use: Scroll            |     5 |       ||     5
Armor: Robe              |     2 |     5 ||     7
Dodge: Dodged            |     6 |     7 ||    13
